 Dungeon Crawl Stone Soup version 0.27.0-1-g7a089689b8 (webtiles) character file.

Game seed: 1739877612693799660

148 dolemite99 the Twirler (level 5, 0/38 HPs)
             Began as a Demonspawn Gladiator on Aug 7, 2021.
             Slain by a scorpion (3 damage)
             ... on level 2 of the Dungeon.
             The game lasted 00:02:36 (2014 turns).

dolemite99 the Twirler (Demonspawn Gladiator)       Turns: 2014, Time: 00:02:37

Health: 0/38       AC: 14    Str: 15    XL:     5   Next: 8%
Magic:  5/5        EV:  4    Int: 10    God:
Gold:   115        SH:  0    Dex: 14    Spells: 4/4 levels left

rFire    . . .     SeeInvis .   a - +0 quarterstaff
rCold    . . .     Faith    .   (shield currently unavailable)
rNeg     . . .     Spirit   .   n - +0 plate armour
rPois    .         Reflect  .   c - +0 helmet
rElec    .         Harm     .   (no cloak)
rCorr    .         Rampage  .   k - +0 pair of gloves
Will     .....                  (no boots)
Stlth    ..........             (no amulet)
HPRegen  0.12/turn              (no ring)
MPRegen  0.09/turn              (no ring)

@: mighty, lethally poisoned (0 -> -7)
A: icy blue scales 1, demonic magic 1
a: no special abilities


You were on level 2 of the Dungeon.
You visited 1 branch of the dungeon, and saw 2 of its levels.

You collected 115 gold pieces.

Inventory:

Hand Weapons
 a - a +0 quarterstaff (weapon)
Missiles
 d - 2 throwing nets (quivered)
 g - 24 bolts
 j - 13 poisoned darts
 l - 18 arrows
Armour
 b - a +0 leather armour
 c - a +0 helmet (worn)
 k - a +0 pair of gloves (worn)
 n - a +0 plate armour (worn)
Scrolls
 e - a scroll of enchant armour {unknown}
 f - a scroll of identify {unknown}
 i - a scroll of brand weapon {unknown}
 p - a scroll of teleportation {unknown}
Potions
 o - a potion of lignification {unknown}


   Skills:
 - Level 2.0 Fighting
 + Level 5.3 Staves
 - Level 1.7 Throwing
 - Level 2.6 Dodging


You had 4 spell levels left.
You didn't know any spells.
Your spell library contained the following spells:

 Spells                   Type           Power      Damage    Failure   Level
 Portal Projectile        Hex/Tloc       0%         N/A       100%        3
 Blade Hands              Tmut           0%         N/A       100%        5
 Excruciating Wounds      Necr           0%         N/A       100%        5


Dungeon Overview and Level Annotations

Branches:
Dungeon (2/15)

Altars:
Trog


Innate Abilities, Weirdness & Mutations

You are partially covered in icy blue scales. (AC +2)
Spells you cast may paralyse adjacent enemies.


Message History

The scorpion stings you but does no damage.
Your plate armour prevents you from hitting the scorpion.
The scorpion is lightly wounded.
You feel very sick.
The scorpion stings you but does no damage. x2
You are too injured to fight recklessly!
You sock the scorpion!
The scorpion is severely wounded.
You feel sick. The scorpion stings you.
You are lethally poisoned!
The scorpion poisons you!
You are too injured to fight recklessly!
You closely miss the scorpion.
The scorpion is severely wounded.
You feel very sick. The scorpion stings you.
You barely miss the scorpion.
The scorpion is severely wounded.
* * * LOW HITPOINT WARNING * * *
You feel very sick.
The scorpion stings you but does no damage.
It was a potion of curing.
You feel better.
The scorpion stings you but does no damage. x2
Okay, then.
You hit the scorpion but do no damage.
The scorpion is severely wounded.
The scorpion stings you.
* * * LOW HITPOINT WARNING * * *
You are lethally poisoned!
The scorpion poisons you!
You completely miss the scorpion.
The scorpion is severely wounded.
* * * LOW HITPOINT WARNING * * *
You feel very sick.
The scorpion stings you but does no damage.
It was a potion of might.
You feel very mighty all of a sudden.
* * * LOW HITPOINT WARNING * * *
You feel sick. The scorpion stings you.
You die...

#####
##########.>.#
#............#
#.########...# #.#
##.## #.# #†# #.#
#.# #.#
#.##########.###...
#.# #.@s......
.)##.... #.#
#..#####.. ........
#.# #..# #.# #.#
#... #†# #..# #.#
#.# #... #.#
#..#####.###.###...
#.# #...
.........##... #.#
##.# #>...........
#.#
#.####..###.####.#
#.# #...........#
#.#


You could see a scorpion.

Vanquished Creatures
  An ogre (D:2)
  An adder (D:2)
  A worm (D:2)
  3 dart slugs
  5 ball pythons
  2 endoplasms (D:1)
  A goblin (D:1)
  5 hobgoblins
  6 jackals
  5 quokkas
  7 bats
  3 frilled lizards
  4 kobolds
  A rat (D:1)
45 creatures vanquished.

Notes
Turn   | Place    | Note
-------+----------+-------------------------------------------
     0 | D:1      | dolemite99 the Demonspawn Gladiator began the quest for the
                  | Orb.
     0 | D:1      | Reached XP level 1. HP: 16/16 MP: 1/1
    91 | D:1      | Reached skill level 3 in Staves
   109 | D:1      | Gained mutation: You are partially covered in icy blue
                  | scales. (AC +2) [demonic ancestry]
   109 | D:1      | Reached XP level 2. HP: 10/22 MP: 2/2
   849 | D:1      | Found a faded altar of an unknown god.
   939 | D:1      | Reached XP level 3. HP: 27/27 MP: 3/3
  1442 | D:2      | Reached skill level 4 in Staves
  1823 | D:2      | Found a bloodstained altar of Trog.
  1826 | D:2      | Noticed an ogre
  1843 | D:2      | Killed an ogre
  1844 | D:2      | Reached skill level 5 in Staves
  1844 | D:2      | Gained mutation: Spells you cast may paralyse adjacent
                  | enemies. [demonic ancestry]
  1844 | D:2      | Reached XP level 4. HP: 33/33 MP: 4/4
  1844 | D:2      | Reached XP level 5. HP: 38/38 MP: 5/5
  2014 | D:2      | Slain by a scorpion

Illustrated notes

Levels and vault maps discovered:
D:1:      erik_arrival_cave_to_civilisation [erik_arrival_cave_to_temple],
          layout_loops_ring, dilly_ecumenical_altar_fadedgnrine
D:2:      layout_loops_ring, basic_altar

Skill      XL: |  1  2  3 |
---------------+----------+-----
Staves         | 3 5 |  5.3
Fighting       | |  2.0
Throwing       | |  1.7
Dodging        | |  2.6

Action                   |  1- 3 |  4- 6 || total
-------------------------+-------+-------++-------
Melee: Quarterstaff      |   128 |    19 ||   147
Throw: Throwing net      |     1 |       ||     1
  Use: Potion            |       |     2 ||     2
 Stab: Held in net/web   |     1 |       ||     1
Armor: Leather armour    |    33 |       ||    33
       Plate armour      |    44 |    11 ||    55
Dodge: Dodged            |    78 |     1 ||    79
